 Dungeon Crawl Stone Soup version 0.17.2-1-ge4368a0 (webtiles) character file.

1387 Goblin1989 the Carver (level 8, -2/58 HPs)
             Began as a Vampire Gladiator on Nov 6, 2016.
             Was an Initiate of Ru.
             Slain by Pikel
             ... wielding a +2 whip of electrocution
              (13 damage)
             ... on level 5 of the Dungeon.
             The game lasted 00:19:06 (4373 turns).

Goblin1989 the Carver (Vampire Gladiator)           Turns: 4373, Time: 00:19:06

Health: -2/58      AC: 13    Str: 16    XL:     8   Next: 40%
Magic:  8/8        EV:  9    Int: 10    God:    Ru [......]
Gold:   209        SH:  8    Dex: 15    Spells: 0 memorised, 7 levels left

rFire  . . .     SeeInvis +     a - +0 long sword
rCold  . . .     Clarity  .     u - +0 scale mail
rNeg   . . .     SustAt   .     v - +0 shield
rPois  .         Gourm    .     r - +2 helmet
rElec  .         Spirit   .     z - +0 cloak
rCorr  .         Warding  .     b - +1 pair of gloves {archery}
rMut   .         Stasis   .     (no boots)
MR     .....                    (no amulet)
Stlth  ..........               (no ring)
                                (no ring)

@: regenerating quickly, not resistant to hostile enchantments, extremely
unstealthy
A: fangs 3, see invisible, unbreathing
a: Renounce Religion


You were on level 5 of the Dungeon.
You worshipped Ru.
Ru was noncommittal.
You were full.

You visited 1 branch of the dungeon, and saw 6 of its levels.

You collected 209 gold pieces.

Inventory:

Hand Weapons
 a - a +0 long sword (weapon)
Armour
 b - a +1 pair of gloves of archery (worn)
 r - a +2 helmet (worn)
 u - a +0 scale mail (worn)
 v - a +0 shield (worn)
 z - a +0 cloak (worn)
Jewellery
 c - a cursed -2 ring of intelligence {unknown}
Scrolls
 d - 4 scrolls of magic mapping {unknown}
 e - 6 scrolls of teleportation {unknown}
 g - a scroll of immolation {unknown}
 j - 2 scrolls of amnesia {unknown}
 k - 4 scrolls of identify {unknown}
 l - 2 scrolls of random uselessness {unknown}
 m - 2 scrolls of noise {unknown}
 o - a scroll of enchant weapon {unknown}
 p - 6 scrolls of remove curse {unknown}
 x - 2 scrolls of enchant armour {unknown}
 y - a scroll of recharging {unknown}
Potions
 f - a potion of cancellation {unknown}
 h - a potion of mutation {unknown}
 i - 2 potions of heal wounds {unknown}
 n - 3 potions of curing {unknown}
 q - 10 potions of blood
 s - a potion of magic {unknown}
 t - 3 potions of degeneration {unknown}
 w - 2 potions of haste {unknown}


   Skills:
 + Level 3.4 Fighting
 * Level 9.0 Long Blades
 - Level 1.5 Throwing
 + Level 2.7 Armour
 + Level 4.1 Dodging
 + Level 1.8 Shields


You had 7 spell levels left.
You didn't know any spells.

Dungeon Overview and Level Annotations

Branches:
Dungeon (6/15)             Temple (0/1) D:4

Altars:
Elyvilon
Ru
Yredelemnul

Annotations:
D:5 Pikel
D:6 Grinder


Innate Abilities, Weirdness & Mutations

Your natural rate of healing is unusually fast.
You have razor-sharp teeth.
You have supernaturally acute eyesight.
You can survive without breathing.


Message History

Aim: Pikel, wielding a whip of electrocution, wearing a robe and carrying a wand of hasting {zapped: 1} (lightly wounded, fast)
You throw a throwing net {=f, !d}.
The throwing net {=f, !d} barely misses Pikel.
The throwing net {=f, !d} hits the slave.
The slave is caught in the net!
Pikel hits you but does no damage.
You are electrocuted!
* * * LOW HITPOINT WARNING * * *
The slave struggles against the net.
Pikel misses you.
You take 7 damage, and have 12/58 hp.
The slave struggles against the net.
Pikel barely misses you. Pikel hits you but does no damage.
There is a stone staircase leading up here.
Pikel barely misses you.
You climb upwards.
There is a stone staircase leading down here.
Pikel hits you with a whip of electrocution.
* * * LOW HITPOINT WARNING * * *
You are electrocuted!
You die... █████████

█.......█ █.████.██
██████████████████████.█..█.█
................@K...█.█..█.█
..........................█.█
███████.████████████.█.█.██.█
█ █........█ █.█.█....█ █
█.....)..█ █.█.███████ █
█........█ █.█.......█ █
█........█ █.██████.██ █
█........█ █.█ █.█ █
█........█ █.█ █.█


You could see Pikel.

Vanquished Creatures
  Sigmund (D:3)
  The ghost of Goblin1989 the Changer, an amateur OpTm (D:3)
  A black bear (D:5)
  A centaur (D:5)
  An ogre (D:3)
  A giant frog (D:5)
  A crimson imp (D:5)
  5 hounds
  2 jellies (D:6)
  4 orc priests
  Ijyb (D:2)
  A giant frog skeleton (D:5)
  An orc wizard (D:5)
  Terence (D:3)
  Natasha (twice) (D:2)
  2 worker ants (D:4)
  2 hound skeletons
  Robin (D:2)
  3 gnolls (D:1)
  8 adders
  2 adder skeletons (D:5)
  3 worms (D:3)
  19 orcs
  5 giant cockroaches
  9 hobgoblins
  2 jackals (D:4)
  6 kobolds
  A quokka (D:5)
  2 ball pythons
  9 bats
  3 giant geckos
  5 giant newts
  14 goblins
  10 rats
  A spectral orc (D:4)
131 creatures vanquished.

Notes
Turn   | Place    | Note
--------------------------------------------------------------
     0 | D:1      | Goblin1989 the Vampire Gladiator began the quest for the Orb.
     0 | D:1      | Reached XP level 1. HP: 16/16 MP: 1/1
   148 | D:1      | Reached XP level 2. HP: 15/22 MP: 2/2
   272 | D:1      | Reached skill level 4 in Long Blades
   368 | D:1      | Reached XP level 3. HP: 17/27 MP: 3/3
   604 | D:2      | Found a white marble altar of Elyvilon.
   816 | D:2      | Noticed Natasha
   827 | D:2      | Killed Natasha
   827 | D:2      | Reached skill level 5 in Long Blades
   827 | D:2      | Reached XP level 4. HP: 20/33 MP: 4/4
   919 | D:2      | Noticed Robin
   963 | D:2      | Killed Robin
  1163 | D:2      | Noticed Ijyb
  1173 | D:2      | Killed Ijyb
  1173 | D:2      | Reached XP level 5. HP: 31/38 MP: 5/5
  1226 | D:2      | Noticed Natasha
  1234 | D:2      | Killed Natasha
  1234 | D:2      | Reached skill level 6 in Long Blades
  1509 | D:3      | Noticed Goblin1989's ghost (amateur OpTm)
  1555 | D:3      | Noticed Sigmund
  1566 | D:3      | Killed Sigmund
  1566 | D:3      | Reached skill level 7 in Long Blades
  1566 | D:3      | Reached XP level 6. HP: 44/44 MP: 6/6
  1647 | D:3      | Noticed an ogre
  1656 | D:3      | Killed an ogre
  1744 | D:3      | Killed Goblin1989's ghost
  1744 | D:3      | Reached XP level 7. HP: 30/50 MP: 7/7
  1856 | D:3      | Reached skill level 1 in Armour
  2119 | D:3      | Noticed Terence
  2142 | D:3      | Killed Terence
  2333 | D:3      | Found a sacrificial altar of Ru.
  2342 | D:3      | Became a worshipper of Ru the Awakened
  2595 | D:4      | Reached skill level 8 in Long Blades
  2667 | D:4      | Found a staircase to the Ecumenical Temple.
  3279 | D:4      | Found a basalt altar of Yredelemnul.
  3343 | D:5      | Entered Level 5 of the Dungeon
  3637 | D:5      | Reached skill level 1 in Shields
  3637 | D:5      | Reached XP level 8. HP: 58/58 MP: 8/8
  3821 | D:5      | Reached skill level 9 in Long Blades
  4248 | D:6      | Noticed Grinder
  4349 | D:6      | Noticed Pikel
  4373 | D:5      | Slain by Pikel

Action                   |  1- 3 |  4- 6 |  7- 9 || total
-------------------------+-------+-------+-------++-------
Melee: Long sword        |    84 |   118 |   307 ||   509
Throw: Throwing net      |     1 |       |     4 ||     5
Invok: Reject Sacrifices |       |       |     1 ||     1
  Use: Potion            |     7 |     8 |    11 ||    26
 Stab: Sleeping          |     1 |     4 |       ||     5

Vault maps used:
D:1:      dpeg_arrival_refuge, feat_on_display
D:2:      elyvilon_altar_4, first_bread, kennysheep_nub, uniq_iyjb, uniq_robin,
          uniq_natasha
D:3:      nicolae_ru_the_path_less_chosen, uniq_sigmund, uniq_terence
D:4:      yredelemnul_forgotten_temple_becter
D:6:      basic_altar, minmay_misc_feat_encased, uniq_pikel, uniq_grinder
